 Dungeon Crawl Stone Soup version 0.23-a0-14-g8c9a20f (webtiles) character file.

46 Goblin1989 the Changer (level 3, -1/26 HPs)
             Began as a Demonspawn Transmuter on Aug 2, 2018.
             Slain by a kobold
             ... wielding a +0 short sword
              (4 damage)
             ... on level 2 of the Dungeon.
             The game lasted 00:02:53 (1734 turns).

Goblin1989 the Changer (Demonspawn Transmuter)      Turns: 1734, Time: 00:02:53

Health: -1/26      AC:  2    Str: 10    XL:     3   Next: 46%
Magic:  5/6        EV: 12    Int: 15    God:
Gold:   58         SH:  0    Dex: 15    Spells: 3/6 levels left

rFire    . . .     SeeInvis .     - Unarmed
rCold    . . .     Gourm    .   (no shield)
rNeg     . . .     Faith    .   b - +0 robe
rPois    .         Spirit   .   (no helmet)
rElec    .         Reflect  .   (no cloak)
rCorr    .         Harm     .   (no gloves)
MR       .....                  (no boots)
Stlth    +++.......             (no amulet)
HPRegen  0.08/turn              (no ring)
MPRegen  0.10/turn              (no ring)

@: appendage
A: horns 2, thin skeletal structure 1, nightstalker 1
a: End Transformation


You were on level 2 of the Dungeon.
You were not hungry.
You had grown temporary horns.
You visited 1 branch of the dungeon, and saw 2 of its levels.

You collected 58 gold pieces.

Inventory:

Missiles
 a - 45 arrows
 k - 7 curare-tipped needles
Armour
 b - a +0 robe (worn)
 n - a +0 pair of gloves
Scrolls
 j - 2 scrolls of remove curse {unknown}
 p - a scroll of noise {unknown}
Potions
 g - a potion of degeneration {unknown}
 i - 2 potions of cancellation {unknown}
 l - a potion of magic {unknown}
 o - a potion of lignification {unknown}
Comestibles
 e - 2 rations


   Skills:
 - Level 1.0 Fighting
 - Level 1.7 Dodging
 - Level 2.6 Unarmed Combat
 - Level 2.0 Spellcasting
 + Level 3.5 Transmutations


You had 3 spell levels left.
You knew the following spells:

 Your Spells              Type           Power        Failure   Level  Hunger
a - Beastly Appendage     Tmut           ##....       5%          1    #......
b - Sticks to Snakes      Tmut           ##......     8%          2    ###....

Your spell library contained the following spells:

 Spells                   Type           Power        Failure   Level  Hunger
 Spider Form              Tmut/Pois      #.........   32%         3    ###....
 Blade Hands              Tmut           ##........   82%         5    ######.
 Ice Form                 Ice/Tmut       #.......     71%         4    #####..


Dungeon Overview and Level Annotations

Branches:
Dungeon (2/15)

Altars:


Innate Abilities, Weirdness & Mutations

You have a somewhat thin skeletal structure. (Dex +2, Stealth)
You are slightly more attuned to the shadows.
You have a pair of horns on your head.


Message History

Unknown command.
Your transformation is almost over.
Unknown command.
(D) Dungeon
Where to? (Enter - D:2 @ (x,y), ? - help)
Your horns disappear.
You see here a hunting sling. 2 kobolds come into view.
There is an escape hatch in the ceiling here.
You regained 2 hp, and now have 11/26 hp.
Unknown command.
There is a stone staircase leading up here.
You start resting.
Eating a chunk of flesh.
You eat the chunk of flesh.
This raw flesh tastes terrible.
HP restored.
Health restored: 26 An adder comes into view.
The kobold shouts!
The kobold shouts!
You hear a shout!
A hobgoblin comes into view. It is wielding a club.
A rat comes into view.
The adder misses you.
A dart slug comes into view.
The kobold barely misses you.
You barely miss the adder. The adder bites you.
The kobold hits you but does no damage.
You take 4 damage, and have 22/26 hp.
You hit the adder.
The adder is moderately wounded.
The adder bites you but does no damage. The kobold hits you with a short sword.
You take 3 damage, and have 19/26 hp.
Unknown command.
The adder bites you.
You are poisoned.
The adder poisons you! The kobold closely misses you.
You take 2 damage, and have 17/26 hp.
You feel sick.
You take 1 damage, and have 16/26 hp.
Casting: Beastly Appendage (safe; 5% risk of failure)
Confirm with . or Enter, or press ? or * to list all spells.
You grow a pair of large bovine horns.
The adder barely misses you. The adder closely misses you.
You now have 5/6 mp.
Unknown command.
You feel sick.
The rat twitches its whiskers.
The adder barely misses you.
Your transformation is almost over.
You feel sick.
You take 1 damage, and have 15/26 hp.
The adder misses you.
You barely miss the adder.
The adder is lightly wounded.
The adder bites you.
* * * LOW HITPOINT WARNING * * *
You take 4 damage, and have 11/26 hp.
You hit the adder.
The adder is heavily wounded.
You feel sick. The adder completely misses you.
You take 1 damage, and have 10/26 hp.
MP restored: 6 You hit the adder but do no damage.
The adder is heavily wounded.
The adder closely misses you.
You closely miss the adder. Your headbutt misses the adder.
The adder is heavily wounded.
The adder closely misses you. x2
You hit the adder.
The adder is severely wounded.
The adder misses you.
You hit the adder.
You kill the adder!
You feel sick.
You are no longer poisoned.
You take 1 damage, and have 9/26 hp.
The kobold closely misses you.
You see here an adder corpse.
Unknown command.
Unknown command.
Okay, then.
You closely miss the kobold.
You headbutt the kobold, but do no damage.
Your horns disappear.
The kobold hits you with a short sword!
* * * LOW HITPOINT WARNING * * *
You take 7 damage, and have 3/26 hp.
MASSIVE DAMAGE!!
Casting: Beastly Appendage (safe; 5% risk of failure)
Confirm with . or Enter, or press ? or * to list all spells.
You grow a pair of large bovine horns.
The kobold barely misses you.
You now have 5/6 mp.
Unknown command.
You hit the kobold but do no damage. The kobold barely misses you.
You completely miss the kobold. You headbutt the kobold.
The kobold is moderately wounded.
The kobold hits you but does no damage.
You hit the kobold.
The kobold is severely wounded.
The kobold hits you with a short sword.
You die...

██████.█.█ .█
█......█....
█........█.█
█.....██.█.██. █
█.....▲......
█.████K....██r.█████
█...@Kgr............
█████████████.██████
█.....g..Kg █.██<██████
█.██)█...█
█████████████.██.█.█.█
█<.................█.█
█████████████.██.███.███
█.█........█


You could see a hobgoblin, 2 kobolds and a rat.

Vanquished Creatures
  2 adders (D:2)
  A dart slug (D:1)
  A leopard gecko (D:1)
  2 giant cockroaches (D:1)
  2 goblins (D:1)
  4 hobgoblins (D:1)
  3 kobolds (D:1)
  5 bats
  2 frilled lizards (D:1)
  3 rats (D:1)
25 creatures vanquished.

Notes
Turn   | Place    | Note
-------+----------+-------------------------------------------
     0 | D:1      | Goblin1989 the Demonspawn Transmuter began the quest for the Orb.
     0 | D:1      | Reached XP level 1. HP: 15/15 MP: 3/3
    61 | D:1      | Reached skill level 2 in Transmutations
   520 | D:1      | Gained mutation: You are slightly more attuned to the shadows. [demonic ancestry]
   520 | D:1      | Reached XP level 2. HP: 21/21 MP: 3/5
   874 | D:1      | Reached skill level 3 in Transmutations
   880 | D:1      | Learned a level 2 spell: Sticks to Snakes
  1488 | D:2      | Gained mutation: You have a somewhat thin skeletal structure. (Dex +2, Stealth) [demonic ancestry]
  1488 | D:2      | Reached XP level 3. HP: 9/26 MP: 6/6
  1734 | D:2      | Slain by a kobold

Vault maps used:
D:1:      tarquinn_simple_flora_water_c, amethyst_killhole
D:2:      minivault_11, uniq_crazy_yiuf_cottage

Skill      XL: |  1  2 |
---------------+-------+-----
Transmutations | 2 3 |  3.5
Fighting       | |  1.0
Dodging        | |  1.7
Unarmed Combat | |  2.6
Spellcasting   | |  2.0

Action                   || total
-------------------------++-------
Melee: Unarmed           ||   100
       Headbutt          ||     9
       Kick              ||     3
       Punch             ||     1
 Cast: Beastly Appendage ||    16
  Eat: Chunk             ||     3
Armor: Robe              ||    19
Dodge: Dodged            ||    82

Table legend:
 A = Spawn XP
 B = Non-spawn XP
 C = Spawn XP percentage of total XP
 D = Spawn monster count
 E = Non-spawn monster count
 F = Spawn count percentage of total count
 G = Total turns spent on level
                    A         B        C        D         E        F      G
               +---------+---------+-------+---------+---------+-------+---------
         Total |       0 |      67 |   0.0 |       0 |      25 |   0.0 |  1734
               +---------+---------+-------+---------+---------+-------+---------
           D:1 |       0 |      38 |   0.0 |       0 |      22 |   0.0 |  1421
           D:2 |       0 |      29 |   0.0 |       0 |       3 |   0.0 |   313
               +---------+---------+-------+---------+---------+-------+---------

Vault maps used:
D:1:      tarquinn_simple_flora_water_c, amethyst_killhole
D:2:      minivault_11, uniq_crazy_yiuf_cottage
